 Dungeon Crawl Stone Soup version 0.31.0-32-g396128a36d (webtiles) character file.

Game seed: 6473730404263190729

46 Buffagor the Changeling (level 3, 0/23 HPs)
             Began as an Octopode Shapeshifter on Mar 25, 2024.
             Was a Follower of Wu Jian.
             Slain by an adder (2 damage)
             ... on level 2 of the Dungeon.
             The game lasted 00:03:04 (951 turns).

Buffagor the Changeling (Octopode Shapeshifter)      Turns: 951, Time: 00:03:05

Health: 0/23       AC:  1    Str: 13    XL:     3   Next: 66%
Magic:  3/3        EV: 13    Int: 12    God:    Wu Jian [*.....]
Gold:   71         SH:  0    Dex: 13    Spells: 2/2 levels left

rFire   . .          .
                       - Unarmed
rCold   . . .        (no shield)
rNeg    . . .        (helmet currently unavailable)
rPois   .            (no amulet)
rElec   .            (no ring)
rCorr   .            (no ring)
SInv    .            (no ring)
Will    .....        (no ring)
Stlth   ++           (no ring)
HPRegen 0.23/turn    (no ring)
MPRegen 0.08/turn    (no ring)
                     (no ring)

%: no passive effects
@: lethally poisoned (0 -> -1), beast-form
A: beast (slay +2), almost no armour, amphibious, 8 rings, camouflage 1,
gelatinous body 1, (nimble swimmer 1), tentacles
a: Begin Untransformation, Renounce Religion


You were on level 2 of the Dungeon.
You worshipped Wu Jian.
Wu Jian was aware of your devotion.
You were a hulking beast.
You visited 1 branch of the dungeon, and saw 2 of its levels.

You collected 71 gold pieces.

Inventory:

Missiles
 i - 17 stones (quivered)
 j - 4 boomerangs
 k - 5 poisoned darts
Talismans
 b - a beast talisman
 c - a flux talisman
Scrolls
 e - a scroll of immolation {unknown}
 h - a scroll of vulnerability {unknown}
 l - a scroll of revelation {unknown}
Potions
 a - a potion of lignification
 d - 2 potions of haste {unknown}
 f - a potion of brilliance {unknown}
 g - a potion of might {unknown}


   Skills:
 - Level 1.0 Fighting
 - Level 2.0 Dodging
 + Level 3.5 Unarmed Combat
 * Level 3.9 Shapeshifting


You had 2 spell levels left.
You didn't know any spells.
Your spell library was empty.

Dungeon Overview and Level Annotations

Branches:
Dungeon (2/15)

Altars:
Wu Jian

Shops:
D:1 *


Innate Abilities, Weirdness & Mutations

You are a hulking beast.
Your limbs bulge with bestial killing power. (Slay +2)
You cannot wear most types of armour.
You are amphibious.
You can wear up to eight rings at the same time.
Your skin changes colour to match your surroundings (Stealth+).
Your rubbery body absorbs attacks. (AC +1, EV +1)
((You are camouflaged when in or above water. (Stealth+)))
You have tentacles for arms and can constrict up to eight enemies at once.


Message History

The adder hisses angrily.
The adder bites you.
You bludgeon the adder! You grab the adder.
The adder is heavily wounded.
You constrict the adder. The quokka completely misses you. The adder bites you.
The kobold misses you.
Unknown command.
You tentacle-slap the adder.
You kill the adder!
The Council accepts your kill. The adder bites you but does no damage.
The quokka barely misses you. The kobold hits you with a +0 dagger.
The adder bites you.
You are poisoned.
The adder poisons you! The quokka bites you.
You enter the shallow water.
You spin and attack the adder.
You tentacle-slap the adder. Your grab misses the adder.
The adder is moderately wounded.
You spin and attack the kobold.
You closely miss the kobold. You grab the kobold. You constrict the kobold.
You feel sick. The adder closely misses you. The kobold misses you.
Unknown command.
You release your grip on the kobold.
You spin and attack the kobold repeatedly.
You closely miss the kobold. You grab the kobold. You squeeze the kobold.
You kill the kobold!
The Council accepts your kill.
You feel sick.
You spin and attack the adder.
You completely miss the adder. Your grab misses the adder.
The adder is moderately wounded.
You feel sick. The adder bites you.
* * * LOW HITPOINT WARNING * * *
The adder bites you.
* * * LOW HITPOINT WARNING * * *
Unknown command.
You closely miss the adder. Your grab misses the adder.
The adder is moderately wounded.
* * * LOW HITPOINT WARNING * * *
You feel sick. The adder bites you.
You die...

.###....###~~~~~~###.
#...........~~. .
#.!..........~~
#.!......~~....
##.#....~..~~..
####.#....~....~~
#..........~~⌠...
....$...r...⌠~~..
.......hS~~....~.
........~..~~..~.
....##..~....~~..
#........~~......
#.........~~.....
###...###~~~~~~# #.##
#~~~~## #. ##### .


You could see an adder and a quokka.

Vanquished Creatures
  An adder (D:2)
  A dart slug (D:1)
  7 ball pythons
  3 endoplasms
  A giant cockroach (D:1)
  3 goblins
  2 hobgoblins (D:1)
  3 jackals (D:2)
  A bat (D:1)
  A frilled lizard (D:1)
  7 kobolds
  2 rats (D:1)
32 creatures vanquished.

Notes
Turn   | Place    | Note
-------+----------+-------------------------------------------
     0 | D:1      | Buffagor the Octopode Shapeshifter began the quest for the
                  | Orb.
     0 | D:1      | Reached XP level 1. HP: 13/13 MP: 1/1
   156 | D:1      | Found Duecsauh's Assorted Antiques.
   184 | D:1      | Reached XP level 2. HP: 14/18 MP: 2/2
   545 | D:1      | Reached XP level 3. HP: 23/23 MP: 3/3
   557 | D:1      | Found a faded altar of an unknown god.
   702 | D:1      | Prayed at the altar of an unknown god.
   702 | D:1      | Became a worshipper of the Wu Jian Council
   702 | D:1      | Reached * piety under Wu Jian
   951 | D:2      | Slain by an adder

Illustrated notes

Levels and vault maps discovered:
D:1:      dpeg_arrival_signposts, layout_basic,
          chequers_ecumenical_altar_simple_redux, serial_shops,
          nicolae_shop_tiny_statue_garden
D:2:      cheibrodos_helix_gallery, layout_loops_cross

Action                     || total
---------------------------++-------
  Melee: Unarmed           ||    58
         Tentacles         ||    13
         Constrict         ||    14
  Throw: Stone             ||     8
Ability: Whirlwind         ||     5
         Lunge             ||     4
   Stab: Sleeping          ||     3
 Armour: Skin              ||    28
  Dodge: Dodged            ||    39
